| TOP OF THE 1ST |
|
Danville Dairy Daddies batting - Pitching for Rochester Red Wings : RHP Jose Mercedes
|
|
Pitching: RHP Jose Mercedes
|
|
|
Batting: RHB Shawn Gilbert
|
0-0: Ball 1-0: Ball 2-0: Called Strike 2-1: Swinging Strike 2-2: Strikes out swinging
|
|
Batting: LHB Brant Brown
|
0-0: Called Strike 0-1: Ball 1-1: Ball 2-1: SINGLE (Flyball, 78M, EV 89.4 MPH)
|
|
Batting: LHB Rusty Greer
|
0-0: SINGLE (Flyball, 78S, EV 90.0 MPH) Brant Brown to second
|
|
Batting: LHB Lee Stevens
|
0-0: Called Strike 0-1: Called Strike Brant Brown is caught stealing 3rd base 2-5 Rusty Greer to second 0-2: Ball 1-2: Foul Ball, location: 2F 1-2: Ball 2-2: Ball 3-2: Ground out 6-3 (Groundball, 56, EV 111.3 MPH)
|
| Top of the 1st over - 0 runs, 2 hits, 0 errors, 1 left on base; Danville 0 - Rochester 0 |
| BOTTOM OF THE 1ST |
|
Rochester Red Wings batting - Pitching for Danville Dairy Daddies : RHP Tim Worrell
|
|
Pitching: RHP Tim Worrell
|
|
|
Batting: RHB Terrell Lowery
|
0-0: Ground out 5-3 (Groundball, 5L, EV 81.3 MPH)
|
|
Batting: RHB Jacob Brumfield
|
0-0: Swinging Strike 0-1: Ball 1-1: Ball 2-1: Called Strike 2-2: Fly out, F9 (Flyball, 9D, EV 103.1 MPH)
|
|
Batting: RHB Rich Aurilia
|
0-0: Ball 1-0: Reached on error, E6 (Groundball, 6, EV 76.9 MPH)
|
|
Batting: LHB Tom Lampkin
|
0-0: Ball 1-0: Called Strike 1-1: Ball 2-1: Fly out, F8 (Flyball, 78D, EV 106.9 MPH)
|
| Bottom of the 1st over - 0 runs, 0 hits, 1 error, 1 left on base; Danville 0 - Rochester 0 |
| TOP OF THE 2ND |
|
Danville Dairy Daddies batting - Pitching for Rochester Red Wings : RHP Jose Mercedes
|
|
Batting: RHB Mike Blowers
|
0-0: Ball 1-0: Called Strike 1-1: Foul Ball, location: 2F 1-2: Fly out, F9 (Flyball, 9LM, EV 109.4 MPH)
|
|
Batting: LHB Midre Cummings
|
0-0: Ball 1-0: Called Strike 1-1: Ground out U3 (Groundball, 34, EV 83.8 MPH)
|
|
Batting: RHB Mike Stanley
|
0-0: Called Strike 0-1: Ball 1-1: Ball 2-1: Foul Ball, location: 2F 2-2: Foul Ball, location: 2F 2-2: Strikes out looking
|
| Top of the 2nd over - 0 runs, 0 hits, 0 errors, 0 left on base; Danville 0 - Rochester 0 |
| BOTTOM OF THE 2ND |
|
Rochester Red Wings batting - Pitching for Danville Dairy Daddies : RHP Tim Worrell
|
|
Batting: RHB Darren Reed
|
0-0: Swinging Strike 0-1: Ball 1-1: Foul Ball, location: 2F 1-2: Ball 2-2: DOUBLE (Line Drive, 78XD, EV 98.1 MPH)
|
|
Batting: LHB Kevin Koslofski
|
0-0: Called Strike 0-1: Called Strike 0-2: Ball 1-2: Fly out, F8 (Line Drive, 8RM, EV 94.4 MPH)
|
|
Batting: RHB Tim Unroe
|
0-0: Called Strike 0-1: Foul Ball, location: 2F 0-2: Ball 1-2: Fly out, F9 (Flyball, 9LD, EV 101.3 MPH) Runner from 2nd tags up, SAFE at 3rd, no throw by RF
|
|
Batting: RHB Scott Sheldon
|
0-0: Foul Ball, location: 2F 0-1: Ball 1-1: Ground out 6-3 (Groundball, 6, EV 102.5 MPH)
|
| Bottom of the 2nd over - 0 runs, 1 hit, 0 errors, 1 left on base; Danville 0 - Rochester 0 |
| TOP OF THE 3RD |
|
Danville Dairy Daddies batting - Pitching for Rochester Red Wings : RHP Jose Mercedes
|
|
Batting: RHB Kevin Polcovich
|
0-0: Ground out 4-3 (Groundball, 4MD, EV 109.4 MPH)
|
|
Batting: RHB Takahiro Ikeyama
|
0-0: Fly out, F6 (Popup, 6MD, EV 47.5 MPH)
|
|
Batting: RHB Shawn Gilbert
|
0-0: Swinging Strike 0-1: Ball 1-1: Ball 2-1: Ball 3-1: Foul Ball, location: 2F 3-2: Foul Ball, location: 2F 3-2: SINGLE (Line Drive, 5D, EV 98.8 MPH)
|
|
Batting: LHB Brant Brown
|
0-0: Called Strike 0-1: Ball 1-1: Ball 2-1: Ball 3-1: Fly out, F6 (Popup, P, EV 78.1 MPH)
|
| Top of the 3rd over - 0 runs, 1 hit, 0 errors, 1 left on base; Danville 0 - Rochester 0 |
| BOTTOM OF THE 3RD |
|
Rochester Red Wings batting - Pitching for Danville Dairy Daddies : RHP Tim Worrell
|
|
Batting: RHB Tripp Cromer
|
0-0: SINGLE (Groundball, 6D, EV 107.5 MPH)
|
|
Batting: RHB Terrell Lowery
|
0-0: Ball 1-0: Swinging Strike 1-1: Ground out 5-3 (Groundball, 56S, EV 65.6 MPH) Tripp Cromer to second
|
|
Batting: RHB Jacob Brumfield
|
0-0: Called Strike 0-1: Ball 1-1: Ball 2-1: Swinging Strike 2-2: Foul Ball, location: 2F 2-2: Ball 3-2: Ground out 6-3 (Groundball, 6, EV 106.9 MPH)
|
|
Batting: RHB Rich Aurilia
|
0-0: Ball 1-0: Ball 2-0: Ground out U3 (Groundball, 3L, EV 80.0 MPH)
|
| Bottom of the 3rd over - 0 runs, 1 hit, 0 errors, 1 left on base; Danville 0 - Rochester 0 |
| TOP OF THE 4TH |
|
Danville Dairy Daddies batting - Pitching for Rochester Red Wings : RHP Jose Mercedes
|
|
Batting: LHB Rusty Greer
|
0-0: Ball 1-0: Foul Ball, location: 2F 1-1: Called Strike 1-2: Ball 2-2: Ball 3-2: Base on Balls
|
|
Batting: LHB Lee Stevens
|
0-0: SINGLE (Groundball, 4MD, EV 96.3 MPH) Rusty Greer to second Runner from 2nd tries for 3rd, SAFE, no throw by CF
|
|
Batting: RHB Mike Blowers
|
0-0: Called Strike 0-1: Ball 1-1: DOUBLE (Line Drive, 78M, EV 100.6 MPH) Rusty Greer scores Lee Stevens to third Runner from 3rd tries for Home, SAFE, no throw by LF
|
|
Batting: LHB Midre Cummings
|
0-0: Called Strike 0-1: Ball 1-1: Foul Ball, location: 2F 1-2: Ground out U3 (Groundball, 3S, EV 64.4 MPH) Mike Blowers to third
|
|
Batting: RHB Mike Stanley
|
0-0: Called Strike 0-1: Called Strike 0-2: Ball 1-2: Ground out 6-3 (Groundball, 56, EV 79.4 MPH) Mike Blowers scores
|
|
Batting: RHB Kevin Polcovich
|
0-0: SINGLE (Groundball, 56D, EV 101.3 MPH)
|
|
Batting: RHB Takahiro Ikeyama
|
0-0: Called Strike 0-1: Ball 1-1: SINGLE (Groundball, 4M, EV 95.0 MPH) Kevin Polcovich to second Runner from 2nd tries for 3rd, SAFE, no throw by CF
|
|
Batting: RHB Shawn Gilbert
|
0-0: Called Strike 0-1: Ball 1-1: Foul Ball, location: 2F 1-2: Ball 2-2: Fielders Choice at 2nd, 6-4 (Groundball, 6, EV 86.3 MPH)
|
| Top of the 4th over - 3 runs, 4 hits, 0 errors, 2 left on base; Danville 3 - Rochester 0 |
| BOTTOM OF THE 4TH |
|
Rochester Red Wings batting - Pitching for Danville Dairy Daddies : RHP Tim Worrell
|
|
Batting: LHB Tom Lampkin
|
0-0: Called Strike 0-1: Ball 1-1: Swinging Strike 1-2: Foul Ball, location: 2F 1-2: Ball 2-2: Foul Ball, location: 2F 2-2: Fly out, F6 (Popup, 4MD, EV 51.3 MPH)
|
|
Batting: RHB Darren Reed
|
0-0: Called Strike 0-1: Ground out 6-3 (Groundball, 56, EV 105.0 MPH)
|
|
Batting: LHB Kevin Koslofski
|
0-0: Fly out, F7 (Flyball, 78D, EV 94.4 MPH)
|
| Bottom of the 4th over - 0 runs, 0 hits, 0 errors, 0 left on base; Danville 3 - Rochester 0 |
| TOP OF THE 5TH |
|
Danville Dairy Daddies batting - Pitching for Rochester Red Wings : RHP Jose Mercedes
|
|
Batting: LHB Brant Brown
|
0-0: Ball 1-0: Ball 2-0: Fly out, F8 (Flyball, 78M, EV 91.9 MPH)
|
|
Batting: LHB Rusty Greer
|
0-0: Ball 1-0: Called Strike 1-1: Ball 2-1: Called Strike 2-2: Ball 3-2: Foul Ball, location: 2F 3-2: SINGLE (Groundball, 4MD, EV 107.5 MPH)
|
|
Batting: LHB Lee Stevens
|
0-0: Ball 1-0: Swinging Strike 1-1: Ball 2-1: Swinging Strike 2-2: Strikes out swinging
|
|
Batting: RHB Mike Blowers
|
0-0: Foul Ball, location: 2F 0-1: Swinging Strike 0-2: Strikes out swinging
|
| Top of the 5th over - 0 runs, 1 hit, 0 errors, 1 left on base; Danville 3 - Rochester 0 |
| BOTTOM OF THE 5TH |
|
Rochester Red Wings batting - Pitching for Danville Dairy Daddies : RHP Tim Worrell
|
|
Batting: RHB Tim Unroe
|
0-0: Ball 1-0: Ball 2-0: Ball 3-0: Called Strike 3-1: Base on Balls
|
|
Batting: RHB Scott Sheldon
|
0-0: Ball 1-0: Ball 2-0: Called Strike 2-1: Foul Ball, location: 2F 2-2: Strikes out swinging
|
|
Batting: RHB Tripp Cromer
|
0-0: Foul Ball, location: 2F 0-1: Fly out, F9 (Flyball, 9D, EV 93.1 MPH)
|
|
Batting: RHB Terrell Lowery
|
0-0: Called Strike 0-1: Ball 1-1: Ground out 3-1 (Groundball, 34, EV 86.3 MPH)
|
| Bottom of the 5th over - 0 runs, 0 hits, 0 errors, 1 left on base; Danville 3 - Rochester 0 |
| TOP OF THE 6TH |
|
Danville Dairy Daddies batting - Pitching for Rochester Red Wings : RHP Jose Mercedes
|
|
Batting: LHB Midre Cummings
|
0-0: Ball 1-0: Swinging Strike 1-1: Swinging Strike 1-2: Ball 2-2: Strikes out swinging
|
|
Batting: RHB Mike Stanley
|
0-0: Ball 1-0: Fly out, F3 (Popup, 34, EV 77.5 MPH)
|
|
Batting: RHB Kevin Polcovich
|
0-0: Ball 1-0: Foul Ball, location: 2F 1-1: Fly out, F8 (Line Drive, 8RM, EV 104.4 MPH)
|
| Top of the 6th over - 0 runs, 0 hits, 0 errors, 0 left on base; Danville 3 - Rochester 0 |
| BOTTOM OF THE 6TH |
|
Rochester Red Wings batting - Pitching for Danville Dairy Daddies : RHP Tim Worrell
|
|
Batting: RHB Jacob Brumfield
|
0-0: Ball 1-0: Called Strike 1-1: Called Strike 1-2: Ball 2-2: Ground out 3-1 (Groundball, 34S, EV 87.5 MPH)
|
|
Batting: RHB Rich Aurilia
|
0-0: Called Strike 0-1: Ball 1-1: Ball 2-1: Fly out, F7 (Flyball, 7S, EV 89.4 MPH)
|
|
Batting: LHB Tom Lampkin
|
0-0: Called Strike 0-1: Ball 1-1: Ball 2-1: Ball 3-1: Base on Balls
|
|
Batting: RHB Darren Reed
|
0-0: Ball 1-0: Foul Ball, location: 2F 1-1: Ball 2-1: Ball 3-1: Fly out, F9 (Flyball, 9S, EV 86.9 MPH)
|
| Bottom of the 6th over - 0 runs, 0 hits, 0 errors, 1 left on base; Danville 3 - Rochester 0 |
| TOP OF THE 7TH |
|
Danville Dairy Daddies batting - Pitching for Rochester Red Wings : RHP Jose Mercedes
|
|
Batting: RHB Takahiro Ikeyama
|
0-0: Swinging Strike 0-1: Foul Ball, location: 2F 0-2: Ball 1-2: Foul Ball, location: 2F 1-2: Foul Ball, location: 2F 1-2: Strikes out swinging
|
|
Batting: RHB Shawn Gilbert
|
0-0: Ball 1-0: Ball 2-0: Foul Ball, location: 2F 2-1: Foul Ball, location: 2F 2-2: Ball 3-2: Strikes out swinging
|
|
Batting: LHB Brant Brown
|
0-0: Ball 1-0: Foul Ball, location: 2F 1-1: Ball 2-1: Foul Ball, location: 2F 2-2: Ball 3-2: Ground out 5-3 (Groundball, 56, EV 78.8 MPH)
|
| Top of the 7th over - 0 runs, 0 hits, 0 errors, 0 left on base; Danville 3 - Rochester 0 |
| BOTTOM OF THE 7TH |
|
Rochester Red Wings batting - Pitching for Danville Dairy Daddies : RHP Tim Worrell
|
|
Batting: LHB Kevin Koslofski
|
0-0: Ball 1-0: Fly out, F7 (Flyball, 7, EV 91.3 MPH)
|
|
Batting: RHB Tim Unroe
|
0-0: Ball 1-0: Called Strike 1-1: Fly out, F3 (Popup, 3, EV 75.0 MPH)
|
|
Batting: RHB Scott Sheldon
|
0-0: Ball 1-0: Swinging Strike 1-1: Foul Ball, location: 2F 1-2: Ball 2-2: Foul Ball, location: 2F 2-2: Ball 3-2: Fly out, F7 (Flyball, 7LMF, EV 100.6 MPH)
|
| Bottom of the 7th over - 0 runs, 0 hits, 0 errors, 0 left on base; Danville 3 - Rochester 0 |
| TOP OF THE 8TH |
|
Danville Dairy Daddies batting - Pitching for Rochester Red Wings : RHP Jose Mercedes
|
|
Pitching: RHP Joe Ausanio
|
|
|
Batting: LHB Rusty Greer
|
0-0: Ball 1-0: Ball 2-0: Called Strike 2-1: Foul Ball, location: 2F 2-2: Fly out, F8 (Flyball, 8RM, EV 85.0 MPH)
|
|
Batting: LHB Lee Stevens
|
0-0: Ground out 4-3 (Groundball, 4, EV 106.3 MPH)
|
|
Batting: RHB Mike Blowers
|
0-0: Ball 1-0: Ball 2-0: Ball 3-0: Base on Balls
|
|
Batting: LHB Midre Cummings
|
0-0: Called Strike 0-1: Ball 1-1: Foul Ball, location: 2F 1-2: Fielders Choice at 2nd, 5-4 (Groundball, 5, EV 85.0 MPH)
|
| Top of the 8th over - 0 runs, 0 hits, 0 errors, 1 left on base; Danville 3 - Rochester 0 |
| BOTTOM OF THE 8TH |
|
Rochester Red Wings batting - Pitching for Danville Dairy Daddies : RHP Tim Worrell
|
|
Batting: RHB Tripp Cromer
|
0-0: Called Strike 0-1: Ball 1-1: SINGLE (Groundball, 56D, EV 99.4 MPH)
|
|
Pitching: RHP Jay Witasick
|
|
|
Batting: RHB Terrell Lowery
|
0-0: Called Strike 0-1: Ball 1-1: Ground out U3 (Groundball, 3S, EV 67.5 MPH) Tripp Cromer to second
|
|
Batting: RHB Jacob Brumfield
|
0-0: Foul Ball, location: 2F 0-1: Foul Ball, location: 2F 0-2: Foul Ball, location: 2F 0-2: Fly out, F7 (Flyball, 78M, EV 97.5 MPH)
|
|
Batting: RHB Rich Aurilia
|
0-0: Foul Ball, location: 2F 0-1: Ball 1-1: Ball 2-1: Called Strike 2-2: Ball 3-2: Fly out, F9 (Flyball, 89M, EV 80.0 MPH)
|
| Bottom of the 8th over - 0 runs, 1 hit, 0 errors, 1 left on base; Danville 3 - Rochester 0 |
| TOP OF THE 9TH |
|
Danville Dairy Daddies batting - Pitching for Rochester Red Wings : RHP Joe Ausanio
|
|
Batting: RHB Mike Stanley
|
0-0: Ball 1-0: SINGLE (Groundball, 4D, EV 95.6 MPH)
|
|
Pitching: LHP Ryan Karp
|
|
|
Batting: RHB Kevin Polcovich
|
0-0: Ball 1-0: Foul Ball, location: 2F 1-1: Swinging Strike 1-2: Grounds into double play, 5-4-3 (Groundball, 5, EV 88.8 MPH)
|
|
Batting: RHB Takahiro Ikeyama
|
0-0: Swinging Strike 0-1: Ball 1-1: Fly out, F9 (Flyball, 89M, EV 86.3 MPH)
|
| Top of the 9th over - 0 runs, 1 hit, 0 errors, 0 left on base; Danville 3 - Rochester 0 |
| BOTTOM OF THE 9TH |
|
Rochester Red Wings batting - Pitching for Danville Dairy Daddies : RHP Jay Witasick
|
|
Batting: LHB Tom Lampkin
|
0-0: Ball 1-0: Ball 2-0: Ball 3-0: Called Strike 3-1: Called Strike 3-2: Foul Ball, location: 2F 3-2: Foul Ball, location: 2F 3-2: Base on Balls
|
|
Batting: RHB Darren Reed
|
0-0: Ball 1-0: Swinging Strike 1-1: Foul Ball, location: 2F 1-2: Foul Ball, location: 2F 1-2: SINGLE (Groundball, 13S, EV 70.0 MPH) (infield hit) Tom Lampkin to second
|
|
Pitching: RHP A J Sager
|
|
|
Batting: LHB Kevin Koslofski
|
0-0: Called Strike 0-1: Swinging Strike 0-2: Ball 1-2: Ball 2-2: Ball 3-2: Base on Balls Tom Lampkin to third Darren Reed to second
|
|
Batting: RHB Tim Unroe
|
0-0: Ball 1-0: Called Strike 1-1: Foul Ball, location: 2F 1-2: Ball 2-2: Foul Ball, location: 2F 2-2: Fly out, F9 (Flyball, 9LSF, EV 90.0 MPH)
|
|
Pitching: RHP John Hope
|
|
|
Pinch Hitting: LHB Steve R Dunn
|
0-0: Ball 1-0: Called Strike 1-1: Grounds into fielders choice 1-2 (Groundball, P, EV 84.4 MPH) Darren Reed to third Kevin Koslofski to second
|
|
Pinch Hitting: RHB Damon Mashore
|
0-0: Called Strike 0-1: Ground out U3 (Groundball, 34, EV 90.0 MPH)
|
| Bottom of the 9th over - 0 runs, 1 hit, 0 errors, 3 left on base; Danville 3 - Rochester 0 |
|